 Dungeon Crawl Stone Soup version 0.30.1-4-g462c640d31 (webtiles) character file.

Game seed: 7386276389016893449

951 croobank the Covert (level 8, -16/55 HPs)
             Began as an Octopode Delver on Sept 15, 2023.
             Demolished by Duvessa
             ... wielding a +0 short sword
              (18 damage)
             ... on level 5 of the Dungeon.
             The game lasted 00:13:14 (3764 turns).

croobank the Covert (Octopode Delver)               Turns: 3764, Time: 00:13:14

Health: -16/55     AC:  1    Str: 12    XL:     8   Next: 13%
Magic:  11/11      EV: 14    Int: 14    God:
Gold:   135        SH:  5    Dex: 13    Spells: 9/11 levels left

rFire   . . .        a - +0 short sword
rCold   . . .        (no shield)
rNeg    . . .        (helmet restricted)
rPois   .            m - amulet of reflection
rElec   .            (no ring)
rCorr   .            (no ring)
SInv    .            (no ring)
Will    .....        (no ring)
Stlth   +++++        (no ring)
HPRegen 0.29/turn    (no ring)
MPRegen 0.12/turn    (no ring)
                     (no ring)

%: reflection
@: no status effects
A: almost no armour, amphibious, 8 rings, camouflage 1, gelatinous body 1,
(nimble swimmer 1), tentacles
a: no special abilities


You were on level 5 of the Dungeon.
You visited 2 branches of the dungeon, and saw 7 of its levels.

You collected 174 gold pieces.
You spent 39 gold pieces at shops.

Inventory:

Hand Weapons
 a - a +0 short sword (weapon)
 i - a +0 sling
 j - a +0 dagger
 p - a +0 executioner's axe
 t - a +0 dagger of holy wrath
Missiles
 o - 2 boomerangs (quivered)
Magical Staves
 s - a staff of fire
Jewellery
 m - an amulet of reflection (around mantle)
Wands
 f - a wand of digging (3)
 h - a wand of acid (1)
Scrolls
 b - 2 scrolls of fog
 c - a scroll of amnesia
 d - 2 scrolls of teleportation
 e - 2 scrolls of enchant weapon {unknown}
 g - a scroll of enchant armour {unknown}
 k - 3 scrolls of noise
 n - 2 scrolls of blinking {unknown}
 q - a scroll of magic mapping
 v - 2 scrolls of silence
 w - a scroll of fear
 y - a scroll of poison {unknown}
Potions
 l - 4 potions of curing
 u - 2 potions of attraction


   Skills:
 - Level 5.1 Fighting
 - Level 4.4 Short Blades
 - Level 4.4 Dodging
 - Level 8.9 Stealth
 - Level 2.3 Spellcasting
 + Level 1.4 Hexes
 + Level 1.4 Ice Magic


You had 9 spell levels left.
You knew the following spells:

 Your Spells              Type           Power      Damage    Failure   Level
a - Ensorcelled Hibernat  Hex/Ice        10%        N/A       21%         2

Your spell library contained the following spells:

 Spells                   Type           Power      Damage    Failure   Level
 Dazzling Flash           Conj/Hex       6%         N/A       45%         3
 Ignite Poison            Fire/Tmut/Pois 1%         N/A       56%         3
 Spider Form              Tmut/Pois      1%         N/A       56%         3
 Volatile Blastmotes      Fire/Tloc      2%         2d10      56%         3
 Anguish                  Hex/Necr       1%         N/A       86%         4
 Iskenderun's Mystic Bla  Conj/Tloc      1%         2d3       93%         4
 Sticky Flame             Conj/Fire      1%         2d3       93%         4
 Starburst                Conj/Fire      0%         6d3       100%        6
 Ignition                 Fire           0%         3d3       100%        8


Dungeon Overview and Level Annotations

Branches:
Dungeon (6/15)             Temple (1/1) D:4

Altars:
Cheibriados
Elyvilon
Kikubaaqudgha
Makhleb
Nemelex Xobeh
Okawaru
Qazlal
Vehumet
Wu Jian
Xom
The Shining One
Lugonu

Shops:
D:1 ?[   D:2 [

Annotations:
D:3 3 runed translucent doors, safid's ghost, amateur MfIE
D:4 3 runed translucent doors, snarfax's ghost, amateur MiFi
D:5 Duvessa


Innate Abilities, Weirdness & Mutations

You cannot wear most types of armour.
You are amphibious.
You can wear up to eight rings at the same time.
Your skin changes colour to match your surroundings (Stealth+).
Your rubbery body absorbs attacks. (AC +1, EV +1)
((You are camouflaged when in or above water. (Stealth+)))
You have tentacles for arms and can constrict up to eight enemies at once.


Message History

You hit the gnoll.
The gnoll is severely wounded.
You constrict the gnoll. The gnoll completely misses you.
You hit the gnoll.
You kill the gnoll!
There are no items here.
Duvessa goes berserk!
Throw: throwing net
Press: ? - help, Q - select action, (/) - cycle Shift-Dir - straight line, f - Duvessa
Aim: Duvessa, wielding a +0 short sword and wearing a +0 ring mail (berserk, 67% to hit)
You throw a throwing net. The throwing net hits Duvessa.
Duvessa is caught in the net!
Duvessa struggles against the net.
Duvessa struggles against the net. x2
Duvessa struggles against the net.
The net rips apart, and Duvessa comes free!
You hit Duvessa. Your grab misses Duvessa.
You squeeze Duvessa, but do no damage.
Duvessa is lightly wounded.
Duvessa closely misses you. You block Duvessa's attack.
You closely miss Duvessa. You grab Duvessa.
Duvessa is lightly wounded.
You constrict Duvessa. Duvessa hits you with a +0 short sword!
You hit Duvessa.
Duvessa is lightly wounded.
You constrict Duvessa, but do no damage.
Duvessa hits you with a +0 short sword!
You hit Duvessa but do no damage.
Duvessa is lightly wounded.
You constrict Duvessa, but do no damage.
Duvessa hits you with a +0 short sword!
You hit Duvessa. You squeeze Duvessa.
Duvessa is moderately wounded.
You constrict Duvessa. Duvessa hits you with a +0 short sword!
* * * LOW HITPOINT WARNING * * *
You hit Duvessa but do no damage. You squeeze Duvessa.
Duvessa is moderately wounded.
You constrict Duvessa.
Duvessa hits you with a +0 short sword!!
You die...

#....[##...##.............#..
#...."..................#####
#.....................>## #
#.....................##
##....##...##..^.....##
##....##...##........##
#.............s.......#
#.....................##
#...........@e.........#
###...####.###).###.####
##.###...####.####'###.##
.......).....#..#........#
.............#..#........#
###..##.....##..##########
#.. ##.#####..# #. #.# .... #
._.


You could see Duvessa (berserk) and a scorpion.

Vanquished Creatures
  Sigmund (D:3)
  An ice beast (D:4)
  A black bear (D:5)
  An ogre (D:5)
  A phantom (D:5)
  A scorpion (D:4)
  A gnoll sergeant (D:5)
  Dowan (D:5)
  A howler monkey (D:4)
  A hound (D:5)
  3 iguanas
  Robin (D:3)
  5 gnolls (D:5)
  An ufetubus (D:5)
  A dart slug (D:3)
  2 orcs (D:4)
  3 bats
  3 endoplasms
  5 giant cockroaches
  14 goblins
  6 hobgoblins
  7 jackals
  5 kobolds
  7 quokkas
  6 ball pythons
  3 frilled lizards
  2 rats (D:3)
84 creatures vanquished.

Notes
Turn   | Place    | Note
-------+----------+-------------------------------------------
     0 | D:5      | croobank the Octopode Delver began the quest for the Orb.
     0 | D:5      | Reached XP level 1. HP: 16/16 MP: 1/1
     3 | D:5      | Noticed a phantom
     3 | D:5      | Noticed a black bear
    13 | D:6      | Noticed an ogre
   187 | D:4      | Found a sparkling altar of Nemelex Xobeh.
   211 | D:4      | Reached XP level 2. HP: 17/21 MP: 2/2
   240 | D:5      | Noticed a gnoll sergeant
   269 | D:4      | Found a runed translucent gate.
   270 | D:4      | Found a runed translucent gate.
   270 | D:4      | Found a runed translucent gate.
   270 | D:4      | Noticed snarfax's ghost (amateur MiFi)
   272 | D:4      | Noticed an ice beast
   272 | D:4      | Noticed a scorpion
   385 | D:3      | Noticed Sigmund
   394 | D:3      | Killed Sigmund
   395 | D:3      | Reached skill level 7 in Stealth
   395 | D:3      | Reached XP level 3. HP: 27/27 MP: 3/3
   395 | D:3      | Reached XP level 4. HP: 33/33 MP: 4/4
   395 | D:3      | Reached XP level 5. HP: 37/37 MP: 5/5
   548 | D:1      | Found a faded altar of an unknown god.
   619 | D:1      | Found Woebb's Magic Scroll Shoppe.
   639 | D:1      | Bought a scroll of noise for 13 gold pieces
   639 | D:1      | Bought a scroll of identify for 26 gold pieces
   887 | D:1      | Found Becab's Antique Armour Boutique.
  1307 | D:2      | Found Huipuy Cuerr's Antique Armour Shop.
  2164 | D:3      | Noticed Robin
  2181 | D:3      | Reached XP level 6. HP: 31/43 MP: 6/6
  2194 | D:3      | Killed Robin
  2368 | D:3      | Found a runed translucent gate.
  2369 | D:3      | Found a runed translucent gate.
  2369 | D:3      | Identified the +11 sling "Kiloqour" {speed, Contam rF+ rN+}
  2369 | D:3      | Identified the +0 ring mail "Toamy" {rCorr}
  2369 | D:3      | Noticed safid's ghost (amateur MfIE)
  2370 | D:3      | Found a runed translucent gate.
  2616 | D:4      | Found a radiant altar of Vehumet.
  2662 | D:4      | Reached skill level 8 in Stealth
  2963 | D:4      | Found a staircase to the Ecumenical Temple.
  2969 | Temple   | Entered the Ecumenical Temple
  3088 | D:4      | Killed an ice beast
  3089 | D:4      | Reached skill level 1 in Spellcasting
  3311 | D:5      | Killed a black bear
  3312 | D:5      | Reached XP level 7. HP: 38/49 MP: 7/9
  3457 | D:5      | Noticed Dowan
  3470 | D:5      | Reached skill level 5 in Fighting
  3481 | D:5      | Killed Dowan
  3531 | D:5      | Reached XP level 8. HP: 55/55 MP: 11/11
  3541 | D:5      | Learned a level 2 spell: Ensorcelled Hibernation
  3590 | D:5      | Reached skill level 1 in Hexes
  3590 | D:5      | Reached skill level 1 in Ice Magic
  3642 | D:5      | Noticed Duvessa
  3736 | D:5      | Found a shimmering altar of Xom.
  3763 | D:5      | HP: 2/55 [Duvessa/+0 short sword (15)]
  3764 | D:5      | Demolished by Duvessa

Illustrated notes

Levels and vault maps discovered:
D:1:      doesnt_arrival_eight_statues, layout_basic,
          ebering_ecumenical_altar_rust, serial_shops,
          nicolae_shop_tiny_statue_garden, shop
D:2:      layout_loops_cross, serial_shops, nicolae_shop_window_shopping,
          nicolae_figureground_pulse
D:3:      layout_basic, biasface_ghost_orc_armoury, uniq_robin, uniq_sigmund
D:4:      layout_basic, nicolae_vehumet_altar_sigil,
          mainiacjoe_overflow_six_doors_small, minmay_temple_entry_waves,
          ebering_ghost_rock_garden
D:5:      kennysheep_steamy, layout_gridville, lemuel_crystal_altar,
          uniq_duvessa
D:6:      minmay_bubble_buster, layout_basic,
          yredelemnul_forgotten_temple_becter, mainiacjoe_overflow_two_lobes,
          nicolae_gozag_seed_capital, dk_noncrumbling_4, nicolae_titane,
          uniq_menkaure, uniq_maggie
Temple:   corrupted_temple

Skill      XL: |  1  2  3  4  5  6  7  8 |
---------------+-------------------------+-----
Short Blades   | 3 4 |  4.4
Dodging        | 3 4 |  4.4
Stealth        | 7 8 |  8.9
Fighting       | 4 5 |  5.1
Spellcasting   | 1 2 |  2.3
Hexes          | 1 |  1.4
Ice Magic      | 1 |  1.4

Action                     |  1- 3 |  4- 6 |  7- 9 || total
---------------------------+-------+-------+-------++-------
  Melee: Short sword       |    25 |   106 |    72 ||   203
         Constrict         |     6 |    25 |    13 ||    44
         Tentacles         |     5 |    29 |    24 ||    58
         Punch             |       |     1 |       ||     1
   Fire: Sling             |     3 |       |       ||     3
  Throw: Boomerang         |       |     5 |     1 ||     6
         Throwing net      |       |       |     1 ||     1
  Evoke: Wand              |     1 |     2 |     5 ||     8
    Use: Scroll            |     2 |     4 |     4 ||    10
         Potion            |     1 |       |     2 ||     3
   Stab: Sleeping          |     4 |    18 |       ||    22
 Armour: Skin              |     2 |     5 |     1 ||     8
  Dodge: Dodged            |     9 |    43 |    42 ||    94
  Block: Other             |       |     6 |    19 ||    25
